 Dungeon Sprint DCSS version 0.28.0-62-gf88900778d (webtiles) character file.

Game seed: 14656173145979025321

22888 cbfl8 the Executioner (level 12, -4/132 HPs)
             Began as a Minotaur Berserker on Jan 12, 2024.
             Was the Champion of Trog.
             Shot with an arrow by Nessos (7 damage)
             ... in the Dungeon (Sprint IX: "|||||||||||||||||||||||||||||").
             The game lasted 00:13:01 (5325 turns).

cbfl8 the Executioner (Minotaur Berserker)          Turns: 5325, Time: 00:13:03

Health: -4/132     AC: 31    Str: 32    XL:     12   Next: 67%
Magic:  11/11      EV:  9    Int:  4    God:    Trog [******]
Gold:   1693       SH:  0    Dex: 11    Spells: 11/11 levels left

rFire   . . .      SeeInvis .   i - +4 executioner's axe (flame)
rCold   . . .      Faith    .   (shield currently unavailable)
rNeg    . . .      Spirit   .   w - +4 plate armour
rPois   .          Reflect  .   q - +2 hat {Will+}
rElec   .          Harm     .   e - +1 cloak
rCorr   .          Rampage  .   l - +0 pair of gloves
Will    +++..      NoTele   +   k - +1 pair of boots
Stlth   ..........              (no amulet)
HPRegen 1.32/turn               m - +3 ring of strength
MPRegen 0.12/turn               n - +3 ring of strength

@: lethally poisoned (-4 -> -20), strong-willed, regenerating
A: horns 2, retaliatory headbutt
a: Renounce Religion, Berserk, Trog's Hand, Brothers in Arms


You were in the Dungeon.
You worshipped Trog.
Trog was exalted by your worship.
You visited 1 branch You collected 1935 gold pieces.
You spent 242 gold pieces at shops.

Inventory:

Hand Weapons
 i - a +4 executioner's axe of flaming (weapon)
 j - a +0 antimagic battleaxe
 o - a +6 battleaxe of flaming
Armour
 e - a +1 cloak (worn)
 k - a +1 pair of boots (worn)
 l - a +0 pair of gloves (worn)
 q - a +2 hat of willpower (worn)
 w - a +4 plate armour (worn)
Jewellery
 m - a +3 ring of strength (left hand)
 n - a +3 ring of strength (right hand)
Scrolls
 b - a scroll of fog
 f - 4 scrolls of identify
 h - 2 scrolls of blinking
Potions
 a - 3 potions of mutation
 c - 4 potions of curing
 g - a potion of berserk rage
 p - 2 potions of might
 r - a potion of haste


   Skills:
 + Level 19.9 Fighting
 + Level 23.7 Axes
 + Level 17.3 Armour
 - Level 2.5 Dodging
 * Level 14.0 Evocations


You had 11 spell levels left.
You didn't know any spells.
Your spell library was empty.

Dungeon Overview and Level Annotations

Branches:
Dungeon (1/1)

Altars:
Cheibriados
Dithmenos
Elyvilon
Fedhas
Gozag
Hepliaklqana
Kikubaaqudgha
Makhleb
Nemelex Xobeh
Okawaru
Qazlal
Ru
Sif Muna
Trog
Uskayaw
Vehumet
Wu Jian
Xom
Yredelemnul
Zin
The Shining One
Beogh
Jiyva
Lugonu

Shops:
D (([!

Annotations:
D Nessos


Innate Abilities, Weirdness & Mutations

You have a pair of horns on your head.
You reflexively headbutt those who attack you in melee.


Message History

Nessos shoots an arrow.
The arrow hits you but does no damage.
Nessos shoots an arrow.
The arrow hits you! The arrow burns you.
You are poisoned.
You feel very sick.
Nessos shoots an arrow.
The arrow hits you.
* * * LOW HITPOINT WARNING * * *
The arrow burns you.
You are more poisoned.
* * * LOW HITPOINT WARNING * * *
Nessos shoots an arrow.
The arrow hits you but does no damage.
You feel better.
Nessos casts a spell.
Nessos blinks!
Nessos intently looks at you, slowly moving their tail.
Nessos shoots an arrow.
The arrow hits you!
* * * LOW HITPOINT WARNING * * *
The arrow burns you.
You are poisoned.
* * * LOW HITPOINT WARNING * * *
You feel much better.
You feel very sick.
Nessos shoots an arrow.
The arrow completely misses you.
Nessos shoots an arrow.
The arrow hits you!
* * * LOW HITPOINT WARNING * * *
The arrow burns you.
* * * LOW HITPOINT WARNING * * *
You feel better.
Nessos shoots an arrow.
The arrow hits you.
* * * LOW HITPOINT WARNING * * *
The arrow burns you.
You are poisoned.
* * * LOW HITPOINT WARNING * * *
Nessos gestures wildly while chanting.
Nessos blinks!
Your skin crawls.
You feel strong-willed.
You feel sick.
Nessos shoots an arrow.
The arrow hits you!!
* * * LOW HITPOINT WARNING * * *
The arrow burns you!
You are lethally poisoned!
You die...

▓.▓.▓.▓.▓.▓.▓.▓.▓
▓'▓.▓.▓.▓.▓.▓.▓c▓
▓.▓.▓.▓)▓.▓.▓.▓.▓
▓.▓.▓'▓)▓.▓.▓.▓§▓
▓.▓.▓.▓.▓.▓.▓.▓.▓
▓.▓.▓.▓.▓.▓.▓.▓.▓
▓.▓.▓[▓.▓.▓.▓.▓.▓
▓.▓.▓[▓.▓.▓.▓.▓.▓
▓'▓.▓[▓.▓'▓.▓'▓@▓
▓.▓.▓[▓.▓.▓.▓.▓.▓
▓.▓.▓.▓.▓.▓.▓.▓.▓
▓.▓.▓.▓.▓.▓.▓.▓.▓
▓.▓.▓'▓.▓.▓.▓.▓.▓
▓.▓.▓)▓.▓.▓.▓.▓.▓
▓.▓.▓:▓.▓∩▓.▓.▓.▓
▓'▓.▓.▓.▓.▓.▓.▓.▓
▓.▓.▓!▓.▓∩▓.▓.▓.▓


You could see Nessos (fast).

Vanquished Creatures
  Gastronok (D)
  A frost giant (D)
  3 very ugly things (D)
  An ettin (D)
  Josephine (D)
  A great orb of eyes (D)
  A hydra (D)
  Erica (D)
  A centaur warrior (D)
  A deep troll shaman (D)
  A spriggan berserker (D)
  An orc high priest (D)
  A fire crab (shapeshifter) (D)
  2 orc knights (D)
  2 ugly things (D)
  6 orc sorcerers (D)
  2 cyclopes (D)
  2 black mambas (D)
  A gargoyle (D)
  A rime drake (D)
  3 cane toads (D)
  3 komodo dragons (D)
  An efreet (D)
  A tengu conjurer (D)
  3 polar bears (D)
  A slime creature (D)
  A raiju (shapeshifter) (D)
  A blink frog (D)
  4 wraiths (D)
  A yak (D)
  3 water moccasins (D)
  12 orc warriors (D)
  7 black bears (D)
  A wolf (D)
  A centaur (D)
  A kobold brigand (D)
  3 bullfrogs (D)
  2 orc priests (D)
  11 orc wizards (D)
  A gnoll (D)
  An adder zombie (D)
  9 orcs (D)
  2 goblins (D)
  A hobgoblin (D)
  A quokka (D)
  A bat (D)
107 creatures vanquished.

Notes
Turn   | Place    | Note
-------+----------+-------------------------------------------
     0 | D        | cbfl8 the Minotaur Berserker began the quest for the Orb.
     0 | D        | Reached XP level 1. HP: 19/19 MP: 0/0
    11 | D        | Reached skill level 4 in Axes
    14 | D        | Reached ** piety under Trog
   374 | D        | Noticed a black bear
   378 | D        | Reached XP level 2. HP: 28/28 MP: 1/1
   379 | D        | Reached skill level 5 in Fighting
   379 | D        | Reached skill level 5 in Axes
   379 | D        | Reached skill level 1 in Evocations
   383 | D        | Killed a black bear
   383 | D        | Reached *** piety under Trog
   384 | D        | Reached skill level 7 in Axes
   384 | D        | Reached XP level 3. HP: 37/39 MP: 2/2
   384 | D        | Reached XP level 4. HP: 45/47 MP: 3/3
   531 | D        | Found a snail-covered altar of Cheibriados.
   531 | D        | Found a shadowy altar of Dithmenos.
   531 | D        | Found a white marble altar of Elyvilon.
   531 | D        | Found a blossoming altar of Fedhas.
   531 | D        | Found an opulent altar of Gozag.
   532 | D        | Found a hazy altar of Hepliaklqana.
   533 | D        | Found a viscous altar of Jiyva.
   534 | D        | Found an ancient bone altar of Kikubaaqudgha.
   535 | D        | Found a corrupted altar of Lugonu.
   536 | D        | Found a burning altar of Makhleb.
   537 | D        | Found a sparkling altar of Nemelex Xobeh.
   538 | D        | Found an iron altar of Okawaru.
   539 | D        | Found a stormy altar of Qazlal.
   540 | D        | Found a sacrificial altar of Ru.
   541 | D        | Found a shimmering blue altar of Sif Muna.
   542 | D        | Found a bloodstained altar of Trog.
   543 | D        | Found a hide-covered altar of Uskayaw.
   544 | D        | Found a radiant altar of Vehumet.
   545 | D        | Found an ornate altar of the Wu Jian Council.
   546 | D        | Found a shimmering altar of Xom.
   547 | D        | Found a basalt altar of Yredelemnul.
   548 | D        | Found a glowing silver altar of Zin.
   549 | D        | Found a glowing golden altar of the Shining One.
   596 | D        | Noticed a yak
   596 | D        | Noticed a kobold brigand
   596 | D        | Noticed a centaur
   596 | D        | Noticed an orc warrior
   596 | D        | Noticed an orc warrior
   670 | D        | Killed an orc warrior
   671 | D        | Reached skill level 9 in Axes
   671 | D        | Reached XP level 5. HP: 49/56 MP: 4/4
   671 | D        | Killed an orc warrior
   671 | D        | Reached **** piety under Trog
   672 | D        | Reached skill level 10 in Fighting
   672 | D        | Reached skill level 10 in Axes
   672 | D        | Reached skill level 5 in Armour
   672 | D        | Reached skill level 5 in Evocations
   672 | D        | Reached XP level 6. HP: 55/66 MP: 5/5
   685 | D        | Reached skill level 11 in Axes
  1112 | D        | Killed a yak
  1113 | D        | Reached XP level 7. HP: 63/74 MP: 6/6
  1284 | D        | Noticed an efreet
  1284 | D        | Noticed a cyclops
  1284 | D        | Noticed a centaur warrior
  1284 | D        | Noticed a gargoyle
  1284 | D        | Noticed a komodo dragon
  1284 | D        | Noticed a wraith
  1316 | D        | Killed a wraith
  1316 | D        | Reached ***** piety under Trog
  1317 | D        | Reached skill level 12 in Axes
  1319 | D        | Killed a komodo dragon
  1320 | D        | Reached XP level 8. HP: 85/85 MP: 7/7
  1323 | D        | Killed a gargoyle
  1324 | D        | Reached skill level 13 in Axes
  1327 | D        | Killed a centaur warrior
  1327 | D        | Identified the +7 triple sword "Vuntyer" {antimagic, rElec
                  | rPois rN+ Dex+2} (Trog gifted it to you in the Dungeon)
  1327 | D        | Received a gift from Trog
  1328 | D        | Reached skill level 14 in Axes
  1369 | D        | Killed a cyclops
  1370 | D        | Reached skill level 15 in Axes
  1370 | D        | Reached XP level 9. HP: 39/95 MP: 8/8
  1372 | D        | Killed an efreet
  1373 | D        | Reached skill level 10 in Armour
  1959 | D        | Noticed a cane toad
  1959 | D        | Noticed a rime drake
  1959 | D        | Noticed a komodo dragon
  1959 | D        | Noticed an eight-headed hydra
  1961 | D        | Killed a komodo dragon
  1961 | D        | Killed a rime drake
  1963 | D        | Killed a nine-headed hydra
  1963 | D        | Received a gift from Trog
  1964 | D        | Reached skill level 15 in Fighting
  1964 | D        | Reached skill level 16 in Axes
  1964 | D        | Killed a cane toad
  1965 | D        | Reached XP level 10. HP: 105/105 MP: 9/9
  1975 | D        | Reached skill level 10 in Evocations
  2068 | D        | Noticed a black mamba
  2068 | D        | Noticed a cane toad
  2068 | D        | Noticed a black mamba
  2075 | D        | Killed a black mamba
  2076 | D        | Reached skill level 17 in Axes
  2078 | D        | Noticed a cane toad
  2080 | D        | Killed a cane toad
  2085 | D        | Received a gift from Trog
  2090 | D        | Killed a black mamba
  2090 | D        | Reached ****** piety under Trog
  2097 | D        | Killed a cane toad
  2515 | D        | Reached skill level 18 in Axes
  2523 | D        | Received a gift from Trog
  2711 | D        | Noticed Josephine
  2718 | D        | Killed Josephine
  2719 | D        | Reached XP level 11. HP: 114/116 MP: 10/10
  2721 | D        | Received a gift from Trog
  2809 | D        | Noticed an orc knight
  2809 | D        | Noticed an ettin
  2816 | D        | Killed an ettin
  2817 | D        | Reached skill level 19 in Axes
  2817 | D        | Reached skill level 15 in Armour
  2823 | D        | Killed an orc knight
  2824 | D        | Received a gift from Trog
  2985 | D        | Noticed an orc sorcerer
  2988 | D        | Received a gift from Trog
  2990 | D        | Noticed an orc high priest
  2991 | D        | Killed an orc sorcerer
  3002 | D        | Noticed an orc sorcerer
  3003 | D        | Killed an orc high priest
  3004 | D        | Reached skill level 20 in Axes
  3011 | D        | Paralysed by an orc sorcerer for 5 turns
  3019 | D        | Paralysed by an orc sorcerer for 7 turns
  3028 | D        | Killed an orc sorcerer
  3329 | D        | Found Niyc's Distillery.
  3329 | D        | Noticed an orc sorcerer
  3329 | D        | Noticed an orc sorcerer
  3330 | D        | Noticed an orc sorcerer
  3335 | D        | Killed an orc sorcerer
  3335 | D        | Received a gift from Trog
  3336 | D        | Found Izxiheda's Antique Armour Shop.
  3345 | D        | Killed an orc sorcerer
  3354 | D        | Paralysed by an orc sorcerer for 6 turns
  3363 | D        | Killed an orc sorcerer
  3363 | D        | Received a gift from Trog
  3369 | D        | Found Kuno's Antique Weapon Boutique.
  3371 | D        | Found Wuskawno's Weapon Shop.
  3375 | D        | Noticed an orc sorcerer
  3382 | D        | Received a gift from Trog
  3384 | D        | Killed an orc sorcerer
  3385 | D        | Reached skill level 21 in Axes
  3389 | D        | Received a gift from Trog
  3657 | D        | Bought a potion of heal wounds for 55 gold pieces
  3657 | D        | Bought a potion of might for 44 gold pieces
  3693 | D        | Noticed Gastronok
  3705 | D        | Killed Gastronok
  3932 | D        | Noticed Erica
  3941 | D        | Killed Erica
  4441 | D        | Noticed a green ugly thing
  4441 | D        | Noticed a white ugly thing
  4441 | D        | Noticed an orc knight
  4447 | D        | Killed an orc knight
  4447 | D        | Received a gift from Trog
  4448 | D        | Reached XP level 12. HP: 128/128 MP: 11/11
  4455 | D        | Reached skill level 22 in Axes
  4459 | D        | Noticed a purple very ugly thing
  4467 | D        | Noticed a deep troll shaman
  4471 | D        | Received a gift from Trog
  4474 | D        | Noticed a frost giant
  4476 | D        | Killed a purple very ugly thing
  4477 | D        | Noticed a white very ugly thing
  4481 | D        | Noticed a brown very ugly thing
  4482 | D        | Noticed a great orb of eyes
  4490 | D        | Killed a deep troll shaman
  4679 | D        | Killed a frost giant
  4680 | D        | Reached skill level 23 in Axes
  4838 | D        | Killed a great orb of eyes
  4840 | D        | Received a gift from Trog
  4853 | D        | Killed a brown very ugly thing
  4856 | D        | Killed a brown very ugly thing
  5148 | D        | Bought a potion of haste for 110 gold pieces
  5148 | D        | Bought a potion of curing for 33 gold pieces
  5309 | D        | Noticed Nessos
  5325 | D        | HP: 3/132 [Nessos/arrow (19)]
  5325 | D        | Shot with an arrow by Nessos

Illustrated notes

Levels and vault maps discovered:
D:        linesprint [early_d, line_temple, items_1, d_10, items_2, lair_1,
          lair_end, items_3, orc_1, orc_end, items_4, d_15, swamp_1, shoals_1,
          snake_1, spider_1, d_20, vaults_1, items_5, swamp_end, shoals_end,
          snake_end, spider_end, vaults_end, d_27, items_6, zot_1, zot_end,
          crypt_end, forest_end, elf_end, slime_end, tomb_end, abyss_end,
          pan_hell_end]

Skill      XL: |  1  2  3  4  5  6  7  8  9 10 11 12 |
---------------+-------------------------------------+-----
Fighting       | 4 7 8 10 11 12 14 15 16 18 19 | 19.9
Axes           | 4 7 9 10 11 12 15 16 18 21 23 | 23.7
Armour         | 4 5 6 7 9 11 14 16 17 | 17.3
Evocations     | 3 4 5 6 7 8 9 11 12 14 | 14.0
Dodging        | |  2.5

Action                   |  1- 3 |  4- 6 |  7- 9 | 10-12 || total
-------------------------+-------+-------+-------+-------++-------
Melee: Hand axe          |    22 |    13 |       |       ||    35
       Headbutt          |     2 |       |     2 |    47 ||    51
       Battleaxe         |       |     2 |       |    91 ||    93
       War axe           |       |       |    16 |     7 ||    23
       Executioner's axe |       |       |       |   122 ||   122
Invok: Berserk           |     1 |       |     2 |     3 ||     6
       Trog's Hand       |       |       |       |     3 ||     3
       Brothers in Arms  |       |       |       |     1 ||     1
Evoke: Wand              |       |     5 |     5 |       ||    10
  Use: Potion            |       |     1 |     1 |    11 ||    13
       Scroll            |       |       |     2 |     4 ||     6
Armor: Animal skin       |     4 |       |       |       ||     4
       Chain mail        |       |     7 |       |       ||     7
       Plate armour      |       |       |     8 |   115 ||   123
Dodge: Dodged            |    11 |     4 |     9 |    67 ||    91
